 Dungeon Crawl Stone Soup version 0.31-a0-267-g3fc6992b3b (webtiles) character file.

Game seed: 3091210928630235789

83 qw the Shooter (level 4, -1/36 HPs)
             Began as a Minotaur Hexslinger on July 13, 2023.
             Slain by a gnoll
             ... wielding a +0 vampiric halberd
              (12 damage)
             ... on level 2 of the Dungeon.
             The game lasted 00:00:39 (1330 turns).

qw the Shooter (Minotaur Hexslinger)                Turns: 1330, Time: 00:00:39

Health: -1/36      AC:  2    Str: 13    XL:     4   Next: 22%
Magic:  4/4        EV: 12    Int: 10    God:
Gold:   51         SH:  0    Dex: 14    Spells: 4/5 levels left

rFire   . . .        Y - +1 sling
rCold   . . .        (no shield)
rNeg    . . .        c - +0 robe
rPois   .            (helmet restricted)
rElec   .            (no cloak)
rCorr   .            (no gloves)
SInv    .            (no boots)
Will    .....        (no amulet)
Stlth   +            (no ring)
HPRegen 0.26/turn    (no ring)
MPRegen 0.09/turn

%: no passive effects
@: no status effects
A: horns 2, retaliatory headbutt
a: no special abilities


You were on level 2 of the Dungeon.
You visited 1 branch of the dungeon, and saw 2 of its levels.

You collected 51 gold pieces.


Innate Abilities, Weirdness & Mutations

You have a pair of horns on your head.
You reflexively headbutt those who attack you in melee.


   Skills:
 - Level 2.0 Fighting
 + Level 4.8 Ranged Weapons
 - Level 2.1 Dodging
 - Level 1.0 Spellcasting
 - Level 2.0 Hexes


You had 4 spell levels left.
You knew the following spells:

 Your Spells              Type           Power      Damage    Failure   Level
a - Slow                  Hex            16%        N/A       16%         1

Your spell library contained the following spells:

 Spells                   Type           Power      Damage    Failure   Level
 Inner Flame              Hex/Fire       2%         N/A       56%         3
 Portal Projectile        Hex/Tloc       4%         N/A       56%         3
 Cause Fear               Hex            2%         N/A       83%         4

Inventory:

Hand Weapons
 Y - a +1 sling (weapon)
Armour
 c - a +0 robe (worn)
Scrolls
 f - a scroll of vulnerability {unknown}
 h - a scroll of enchant weapon {unknown}
Potions
 a - a potion of curing {unknown}
 d - a potion of attraction {unknown}
 e - a potion of mutation {unknown}
 g - a potion of degeneration {unknown}

Dungeon Overview and Level Annotations

Branches:
Dungeon (2/15)

Altars:

Annotations:
D:2 exclusion: gnoll


Message History

Enter note:
Enter note:
Enter note:
1319 ||| Stepping ~*~*~tactically~*~*~ (outnumbered).
1320 ||| STILL FLEEEEING.
1321 ||| STILL FLEEEEING.
You shoot a sling bullet.
The sling bullet hits the gnoll but does no damage.
The gnoll is lightly wounded.
You shoot a sling bullet.
The sling bullet closely misses the gnoll.
The gnoll misses you.
You shoot a sling bullet.
The sling bullet hits the gnoll but does no damage.
The gnoll is lightly wounded.
The gnoll barely misses you.
You shoot a sling bullet. The sling bullet hits the gnoll.
The gnoll is moderately wounded.
The gnoll misses you.
You shoot a sling bullet.
The sling bullet closely misses the gnoll.
The sling bullet hits the gnoll.
The gnoll is moderately wounded.
The gnoll closely misses you. x2
You shoot a sling bullet. The sling bullet hits the gnoll.
The gnoll is heavily wounded.
The gnoll hits you from afar with a +0 vampiric halberd.
The gnoll draws strength from your wounds!
You shoot a sling bullet. The sling bullet hits the gnoll.
The gnoll is moderately wounded.
The gnoll misses you.
You shoot a sling bullet.
The sling bullet barely misses the gnoll.
The sling bullet closely misses the gnoll.
The gnoll closely misses you.
You shoot a sling bullet.
The sling bullet hits the gnoll but does no damage.
The gnoll is moderately wounded.
The gnoll hits you from afar with a +0 vampiric halberd!
You die...

.. #.######.# #. #.#
#.####### #. #.# #.##..... #g
#.# #.##.#### #.
#.######.##.#
#.#########...........#
#........gg..#####.####
############.# #.# #...@.gg#
#.# #.####### #.####### #.#
#........ #.# ######### ##
###.# #...... .# ##.#.#
#.#####
.#########.#..#############.#
.#........###.##............#
.#.#####.## ##...############


You could see 2 gnolls.

Vanquished Creatures
  A gnoll (D:1)
  3 adders (D:2)
  4 dart slugs
  2 endoplasms
  4 giant cockroaches
  3 goblins
  2 hobgoblins (D:1)
  5 kobolds
  4 quokkas
  A ball python (D:2)
  5 bats
  3 rats
37 creatures vanquished.

Notes
Turn   | Place    | Note
-------+----------+-------------------------------------------
     0 | D:1      | qw the Minotaur Hexslinger began the quest for the Orb.
     0 | D:1      | Reached XP level 1. HP: 16/16 MP: 1/1
     0 | D:1      | 0 ||| qw: Version: 0.3-a-52-g30416fa
     0 | D:1      | 0 ||| qw: Game counter: 7785
     0 | D:1      | 0 ||| qw: Melee chars always use a shield: true
     0 | D:1      | 0 ||| qw: God list: Okawaru
     0 | D:1      | 0 ||| qw: Allow faded altars: false
     0 | D:1      | 0 ||| qw: Do Orc after clearing Dungeon:15 true
     0 | D:1      | 0 ||| qw: Do second Lair branch before Depths: true
     0 | D:1      | 0 ||| qw: Lair rune preference: random
     0 | D:1      | 0 ||| qw: Goals: Normal
     0 | D:1      | 0 ||| PLANNING D:1-11
    34 | D:1      | Reached skill level 3 in Ranged Weapons
    34 | D:1      | Reached XP level 2. HP: 15/23 MP: 2/2
    86 | D:1      | 86 ||| FLEEEEING.
    88 | D:1      | 88 ||| FLEEEEING.
    89 | D:1      | 89 ||| FLEEEEING.
    90 | D:1      | 90 ||| FLEEEEING.
    92 | D:1      | 92 ||| FLEEEEING.
    93 | D:1      | 93 ||| FLEEEEING.
   385 | D:1      | Reached XP level 3. HP: 29/29 MP: 3/3
   392 | D:1      | Found a faded altar of an unknown god.
   605 | D:1      | 605 ||| READING scroll labelled ZIRHAG WAEL.
   606 | D:1      | 606 ||| DROPPING scroll of poison.
   655 | D:2      | Reached skill level 4 in Ranged Weapons
   767 | D:2      | 767 ||| FLEEEEING.
  1013 | D:2      | Reached XP level 4. HP: 36/36 MP: 4/4
  1110 | D:2      | 1110 ||| FLEEEEING.
  1111 | D:2      | 1111 ||| FLEEEEING.
  1112 | D:2      | 1112 ||| FLEEEEING.
  1113 | D:2      | 1113 ||| FLEEEEING.
  1114 | D:2      | 1114 ||| FLEEEEING.
  1301 | D:2      | 1301 ||| Stepping ~*~*~tactically~*~*~ (outnumbered).
  1303 | D:2      | 1303 ||| Stepping ~*~*~tactically~*~*~ (outnumbered).
  1308 | D:2      | HP: 9/36 [gnoll/+0 vampiric halberd (16)]
  1309 | D:2      | 1309 ||| READING scroll labelled BEOSEC CEAHIE.
  1317 | D:2      | 1317 ||| FLEEEEING.
  1318 | D:2      | 1318 ||| FLEEEEING.
  1319 | D:2      | 1319 ||| Stepping ~*~*~tactically~*~*~ (outnumbered).
  1330 | D:2      | Slain by a gnoll

Levels and vault maps discovered:
D:1:      lightli_arrival_isolated_outpost, layout_basic,
          nicolae_ecumenical_snake_handling
D:2:      layout_loops_ring

Skill      XL: |  1  2  3 |
---------------+----------+-----
Ranged Weapons | 3 4 |  4.8
Fighting       | 2 |  2.0
Dodging        | |  2.1
Spellcasting   | |  1.0
Hexes          | |  2.0

Action                     |  1- 3 |  4- 6 || total
---------------------------+-------+-------++-------
   Fire: Sling             |   100 |    40 ||   140
    Use: Scroll            |     1 |     1 ||     2
 Armour: Robe              |     5 |     1 ||     6
  Dodge: Dodged            |    27 |    19 ||    46

Table legend:
 A = Non-vault XP
 B = Vault XP
 C = Vault XP percentage of total XP
 D = Non-vault monster count
 E = Vault monster count
 F = Vault count percentage of total count
                 A         B        C        D         E       F
            +---------+---------+-------+---------+---------+-------
      Total |     119 |       0 |   0.0 |      37 |       0 |   0.0
            +---------+---------+-------+---------+---------+-------
        D:1 |      48 |       0 |   0.0 |      19 |       0 |   0.0
        D:2 |      71 |       0 |   0.0 |      18 |       0 |   0.0
            +---------+---------+-------+---------+---------+-------
